 Dungeon Crawl Stone Soup version 0.30.1-11-g7821555f0a (webtiles) character file.

Game seed: 11095372053280121838

34795 porpoise the Marksminotaur (level 13, -4/100 HPs)
             Began as a Minotaur Hunter on Jan 4, 2024.
             Was a High Priest of Hepliaklqana.
             Killed by the air
             ... invoked by a wind drake
              (8 damage)
             ... on level 5 of the Lair of Beasts.
             The game lasted 00:48:08 (14169 turns).

porpoise the Marksminotaur (Minotaur Hunter)       Turns: 14169, Time: 00:48:08

Health: -4/100     AC: 19    Str: 15    XL:     13   Next: 44%
Magic:  15/17      EV: 16    Int:  6    God:    Hepliaklqana [*****.]
Gold:   2281       SH:  0    Dex: 26    Spells: 12/12 levels left

rFire   + . .        b - +2 war axe (protect)
rCold   . . .        (no shield)
rNeg    . . .        J - +1 ring mail {rF+}
rPois   .            y - +1 hat
rElec   .            N - +0 cloak
rCorr   .            (no gloves)
SInv    .            d - +1 pair of boots
Will    .....        u - amulet of regeneration
Stlth   ++           r - +6 ring of dexterity
HPRegen 1.16/turn    V - +4 ring of slaying
MPRegen 0.15/turn

%: no passive effects
@: mighty, lethally poisoned (-4 -> -18), under a protective aura, mesmerised
A: reduced essence, horns 2, retaliatory headbutt
a: Renounce Religion, Recall Ancestor, Ancestor Identity, Transference, Idealise


You were on level 5 of the Lair of Beasts.
You worshipped Hepliaklqana.
Hepliaklqana was extremely pleased with you.
You visited 3 branches of the dungeon, and saw 16 of its levels.

You collected 2281 gold pieces.

Inventory:

Hand Weapons
 a - a +3 arbalest of draining
 b - a +2 war axe of protection (weapon)
 w - the +7 mace of Variability {chaos, chaos arc}
   (You found it on level 4 of the Dungeon)
Armour
 d - a +1 pair of boots (worn)
 y - a +1 hat (worn)
 J - a +1 ring mail of fire resistance (worn)
 N - a +0 cloak (worn)
Jewellery
 r - a +6 ring of dexterity (left hand)
 u - an amulet of regeneration (around neck)
 L - a ring of protection from cold
 V - a +4 ring of slaying (right hand)
 X - a ring of poison resistance
Wands
 F - a wand of iceblast (19)
 I - a wand of charming (2)
 M - a wand of flame (16)
 R - a wand of polymorph (4)
 Y - a wand of mindburst (8)
Scrolls
 g - 2 scrolls of poison
 j - 2 scrolls of identify
 n - 6 scrolls of fear
 B - a scroll of butterflies
 D - 2 scrolls of noise
 E - a scroll of enchant weapon
 H - 2 scrolls of amnesia
 K - a scroll of enchant armour
 O - 2 scrolls of fog
 S - 2 scrolls of teleportation
 T - 4 scrolls of vulnerability
Potions
 c - 3 potions of attraction
 f - a potion of magic
 h - a potion of resistance
 k - 3 potions of might
 l - 2 potions of heal wounds
 m - 3 potions of ambrosia
 s - 7 potions of curing
 t - 3 potions of cancellation
 v - 2 potions of mutation
 x - a potion of flight
 z - a potion of invisibility
 A - 2 potions of lignification
 G - a potion of haste
 W - a potion of brilliance


   Skills:
 * Level 9.7 Fighting
 - Level 10.0 Axes
 - Level 18.0 Ranged Weapons
 - Level 7.0 Armour
 - Level 7.0 Dodging
 - Level 0.7 Stealth
 + Level 7.1 Invocations
 - Level 5.0 Evocations


You had 12 spell levels left.
You didn't know any spells.
Your spell library contained the following spells:

 Spells                   Type           Power      Damage    Failure   Level
 Beastly Appendage        Tmut           0%         N/A       65%         1
 Necrotise                Necr           0%         1d4       65%         1
 Slow                     Hex            0%         N/A       65%         1
 Summon Small Mammal      Summ           0%         N/A       65%         1
 Blink                    Tloc           0%         N/A       80%         2
 Ensorcelled Hibernation  Hex/Ice        0%         N/A       80%         2
 Lesser Beckoning         Tloc           0%         N/A       80%         2
 Momentum Strike          Conj/Tloc      0%         3d8       80%         2
 Passwall                 Tmut/Erth      0%         N/A       80%         2
 Poisonous Vapours        Pois/Air       0%         N/A       80%         2
 Static Discharge         Conj/Air       0%         2-2/arc   80%         2
 Wereblood                Tmut           0%         N/A       80%         2
 Call Canine Familiar     Summ           0%         N/A       95%         3
 Confusing Touch          Hex            0%         N/A       95%         3
 Dazzling Flash           Conj/Hex       0%         N/A       95%         3
 Mephitic Cloud           Conj/Pois/Air  0%         N/A       95%         3
 Spider Form              Tmut/Pois      0%         N/A       95%         3
 Summon Guardian Golem    Hex/Summ       0%         N/A       95%         3
 Swiftness                Air            0%         N/A       95%         3
 Vampiric Draining        Necr           0%         2d6       95%         3
 Volatile Blastmotes      Fire/Tloc      0%         2d10      95%         3
 Airstrike                Air            0%         2d(0-16)  100%        4
 Anguish                  Hex/Necr       0%         N/A       100%        4
 Cause Fear               Hex            0%         N/A       100%        4
 Iskenderun's Mystic Bla  Conj/Tloc      0%         2d3       100%        4
 Summon Lightning Spire   Summ/Air       0%         N/A       100%        4
 Agony                    Necr           0%         N/A       100%        5
 Freezing Cloud           Conj/Ice/Air   0%         6-21      100%        5
 Summon Forest            Summ/Tloc      0%         N/A       100%        5
 Eringya's Noxious Bog    Tmut/Pois      0%         N/A       100%        6
 Starburst                Conj/Fire      0%         6d3       100%        6
 Enfeeble                 Hex            0%         N/A       100%        7
 Summon Hydra             Summ           0%         N/A       100%        7


Dungeon Overview and Level Annotations

Branches:
Dungeon (10/15)            Temple (1/1) D:5            Lair (5/5) D:10
  Swamp (0/4) Lair:2       Spider (0/4) Lair:3        Slime (0/5) Lair:4
    Orc (0/2) D:9

Altars:
Ashenzari
Cheibriados
Dithmenos
Elyvilon
Fedhas
Gozag
Hepliaklqana
Kikubaaqudgha
Makhleb
Nemelex Xobeh
Okawaru
Qazlal
Ru
Sif Muna
Trog
Uskayaw
Vehumet
Wu Jian
Xom
Yredelemnul
Zin
The Shining One
Jiyva

Shops:
D:4 :=   D:10 [

Portals:
Abyss: D:3

Annotations:
D:3 2 transporters, TheBioAlchemist's ghost, amateur GnHs
D:8 2 transporters, rozman's ghost, journeyman GrEE
D:9 2 transporters
Lair:1 2 transporters, Beischinu's ghost, journeyman MiFi


Innate Abilities, Weirdness & Mutations

Your life essence is reduced to manifest your ancestor. (-10% HP)
You have a pair of horns on your head.
You reflexively headbutt those who attack you in melee.


Message History

The floor.
You can't see anything there.
Try transferring anyway?
Okay, then.
Unknown command.
Okay, then.
Okay, then.
Okay, then.
Unknown command.
Select a target.
Press: ? - help, Dir - move target, f - you A fountain of sparkling water.
You swap with Nikki!
An elephant comes into view.
The manticore is drained by nostalgia.
The skyshark is drained by nostalgia.
The sea snake is drained by nostalgia.
The pull of its song draws you forwards.
You swap places with Nikki.
The manticore misses you. You furiously retaliate!
You headbutt the manticore!!
You kill the manticore!
The skyshark closely misses you. You furiously retaliate!
You headbutt the skyshark!
The skyshark tail-slaps you but does no damage.
The skyshark tail-slaps you.
* * * LOW HITPOINT WARNING * * *
The sea snake bites you.
* * * LOW HITPOINT WARNING * * *
You are lethally poisoned!
The sea snake poisons you!
The merfolk avatar chants its luring song.
The snapping turtle closely misses you.
The elephant moves out of view.
You feel much better.
You feel extremely sick. The skyshark bites you!
* * * LOW HITPOINT WARNING * * *
The skyshark tail-slaps you!
* * * LOW HITPOINT WARNING * * *
The skyshark misses you.
The blink frog blinks!
The wind drake flaps its wings at you. The air twists around and strikes you!
You die...

##~~**~~*~~~#~~~#~~.##~...#.....÷
#~~~**~,**~~##~~##~~##.......#...
P~~~~~~~~,~~~.~~~~~~~~~......#...
P~P~~~~~~*~~~~~~~~~~~~.......#...
#~~~*~~,~~~~~~~~~#~~##~......#...
#~P~*~~~*~~.~~~~~#~~##.......#...
~~,~*,~~~~..~~~~8#P~~........#.†.
~~~~*****~~~.####R~~~~.......#...
~*~~*⌠~~*.~~.~~~@#~~##.......#...
**,,*~~,,#~#F8mlS#~~##..P.##.#...
~~~~*,~~~*#~##§Yt#P~~~~..P##.....
~~~~*~~~*~~~[~~~k#~~~~....###.##.
*~~~*~~~~~~≈!#~~~#~~~#....# #####
*~~~*~~~*)≈≈:~P~~#~~.#~..##
~~~~*~~~*))!!#~~P#~~~~.P##
~~~~*~~~*#+.~#~~~#~~~~..#
~*~~,~~~8~~~~8~~~#~~##~##


You could see the friendly Nikki the knight, a merfolk avatar (mesmerising,
drained), a skyshark (berserk, drained, ally target), an elephant, a sea snake
(drained), a snapping turtle, a wind drake (repels missiles) and a blink frog.

Vanquished Creatures
  3 hydras
  2 boulder beetles
  3 two-headed ogres
  4 death yaks
  2 skysharks
  A harpy (Lair:5)
  A manticore (Lair:5)
  8 elephants
  6 cane toads
  2 rime drakes
  3 komodo dragons
  An efreet (D:8)
  Psyche (D:9)
  2 ice devils (Lair:2)
  2 polar bears
  A wind drake (Lair:5)
  Prince Ribbit (D:8)
  10 blink frogs
  3 wyverns
  4 basilisks
  29 yaks
  A steam dragon (D:8)
  Menkaure (D:5)
  3 acid dragons (D:10)
  14 water moccasins
  A swamp drake (D:9)
  A black bear (Lair:3)
  2 orc warriors (D:9)
  2 ice beasts
  16 wolves
  3 centaurs
  6 kobold brigands
  9 bullfrogs
  A gnoll sergeant (D:8)
  7 wights
  10 killer bees
  A howler monkey (D:10)
  A jelly (D:6)
  2 hounds
  6 orc priests
  Crazy Yiuf (D:7)
  A gnoll bouda (D:4)
  3 sleepcaps
  5 iguanas
  9 orc wizards
  11 adders
  11 gnolls
  3 white imps (D:6)
  An ufetubus (D:6)
  2 worms
  5 dart slugs
  32 orcs
  9 ball pythons
  4 endoplasms
  4 giant cockroaches
  5 goblins
  4 hobgoblins
  6 jackals
  4 quokkas
  8 bats
  3 frilled lizards
  22 kobolds
  9 rats
338 creatures vanquished.

Vanquished Creatures (collateral kills)
  A dire elephant (Lair:5)
  A hydra (Lair:2)
  A will-o-the-wisp (Lair:2)
  An elephant (Lair:5)
  A black mamba (Lair:2)
  2 cane toads
  A rime drake (Lair:5)
  2 blink frogs
  A shadow (D:10)
  A wyvern (Lair:5)
  3 yaks
  A water moccasin (Lair:1)
  A wolf (Lair:4)
  An orc priest (D:9)
  An orc wizard (D:10)
  2 orcs (D:9)
  2 kobolds (D:9)
23 creatures vanquished.

Vanquished Creatures (others)
  An ancestor (D:9)
  3 knights
  4 foxfires (Lair:2)
8 creatures vanquished.

Grand Total: 369 creatures vanquished

Notes
Turn   | Place    | Note
-------+----------+-------------------------------------------
     0 | D:1      | porpoise the Minotaur Hunter began the quest for the Orb.
     0 | D:1      | Reached XP level 1. HP: 18/18 MP: 0/0
   193 | D:1      | Reached XP level 2. HP: 25/25 MP: 1/1
   311 | D:1      | Reached skill level 5 in Ranged Weapons
   322 | D:1      | Reached XP level 3. HP: 16/31 MP: 2/2
  1102 | D:2      | Reached XP level 4. HP: 36/39 MP: 3/3
  1438 | D:2      | Reached skill level 6 in Ranged Weapons
  1740 | D:3      | Found a one-way gate to the infinite horrors of the Abyss.
  1740 | D:3      | Noticed TheBioAlchemist's ghost (amateur GnHs)
  1748 | D:3      | Found a transporter.
  1753 | D:3      | Noticed a small abomination
  1753 | D:3      | Noticed a small abomination
  1848 | D:3      | Noticed a small abomination
  1935 | D:3      | Reached XP level 5. HP: 35/46 MP: 4/4
  1982 | D:3      | Found a transporter.
  2528 | D:4      | Found Xops's Book Shoppe.
  2546 | D:4      | Found the +7 mace of Variability {chaos, chaos arc}
  2673 | D:4      | Reached skill level 7 in Ranged Weapons
  2673 | D:4      | Reached XP level 6. HP: 23/55 MP: 5/5
  2937 | D:4      | Found Sugeo's Jewellery Shop.
  3202 | D:5      | Entered Level 5 of the Dungeon
  3205 | D:5      | Reached skill level 5 in Fighting
  3332 | D:5      | Found a staircase to the Ecumenical Temple.
  3343 | Temple   | Entered the Ecumenical Temple
  3883 | D:5      | Noticed Menkaure
  3888 | D:5      | Killed Menkaure
  3889 | D:5      | Reached skill level 8 in Ranged Weapons
  3889 | D:5      | Reached XP level 7. HP: 25/62 MP: 6/6
  4258 | D:6      | Found a bloodstained altar of Trog.
  4261 | D:6      | Found a burning altar of Makhleb.
  4280 | D:6      | Found an ornate altar of the Wu Jian Council.
  4283 | D:6      | Found a shimmering altar of Xom.
  4718 | D:7      | Reached skill level 9 in Ranged Weapons
  4967 | D:7      | Identified 2 scrolls of acquirement
  4967 | D:7      | Acquired a +3 arbalest of draining
  5088 | D:7      | Found a shimmering blue altar of Sif Muna.
  5088 | D:7      | Found a shadowy altar of Dithmenos.
  5089 | D:7      | Found a blossoming altar of Fedhas.
  5090 | D:7      | Found a snail-covered altar of Cheibriados.
  5092 | D:7      | Found a broken altar of Ashenzari.
  5238 | D:7      | Reached XP level 8. HP: 54/71 MP: 7/7
  5612 | D:7      | Found a runed translucent door.
  5613 | D:7      | Noticed Crazy Yiuf
  5620 | D:7      | Killed Crazy Yiuf
  5621 | D:7      | Reached skill level 10 in Ranged Weapons
  5703 | D:7      | Acquired 1170 gold pieces
  6305 | D:8      | Found a hazy altar of Hepliaklqana.
  6310 | D:8      | Became a worshipper of Hepliaklqana the Forgotten
  6328 | D:8      | Reached skill level 11 in Ranged Weapons
  6332 | D:8      | Reached XP level 9. HP: 64/82 MP: 8/8
  6480 | D:8      | Reached skill level 12 in Ranged Weapons
  6507 | D:8      | Noticed Prince Ribbit
  6513 | D:8      | Killed Prince Ribbit
  6625 | D:8      | Reached skill level 13 in Ranged Weapons
  6631 | D:8      | Noticed an efreet
  6641 | D:8      | Killed an efreet
  6661 | D:8      | Noticed a two-headed ogre
  6666 | D:8      | Killed a two-headed ogre
  6667 | D:8      | Reached skill level 14 in Ranged Weapons
  6667 | D:8      | Reached XP level 10. HP: 31/91 MP: 9/9
  7069 | D:8      | Noticed a two-headed ogre
  7076 | D:8      | Killed a two-headed ogre
  7202 | D:8      | Reached skill level 15 in Ranged Weapons
  7393 | D:8      | Reached * piety under Hepliaklqana
  7412 | D:8      | Found a transporter.
  7422 | D:8      | Found a transporter.
  7429 | D:8      | Noticed rozman's ghost (journeyman GrEE)
  7441 | D:8      | Noticed a moth of wrath
  7741 | D:9      | Found a staircase to the Orcish Mines.
  7779 | D:9      | Noticed a two-headed ogre
  7783 | D:9      | Killed a two-headed ogre
  8060 | D:9      | Reached skill level 16 in Ranged Weapons
  8193 | D:9      | Noticed Psyche
  8199 | D:9      | Reached skill level 1 in Armour
  8204 | D:9      | Reached skill level 1 in Invocations
  8210 | D:9      | Killed Psyche
  8352 | D:9      | Found a transporter.
  8355 | D:9      | Found a viscous altar of Jiyva.
  8404 | D:9      | Found a transporter.
  8570 | D:10     | Entered Level 10 of the Dungeon
  8719 | D:10     | Found a stormy altar of Qazlal.
  8844 | D:10     | Reached ** piety under Hepliaklqana
  8845 | D:10     | Remembered your ancestor Nikki as a knight
  8866 | D:10     | Identified the +6 dagger of Loqeceer {flame, rC+}
  8893 | D:10     | Reached XP level 11. HP: 75/87 MP: 11/11
  8937 | D:10     | Found Qatokutt's Antique Armour Shop.
  8997 | D:10     | Found a sparkling altar of Nemelex Xobeh.
  9043 | D:10     | Found a staircase to the Lair.
  9094 | D:10     | Found a sacrificial altar of Ru.
  9211 | Lair:1   | Entered Level 1 of the Lair of Beasts
  9450 | Lair:1   | Noticed a boulder beetle
  9459 | Lair:1   | Killed a boulder beetle
  9460 | Lair:1   | Reached skill level 17 in Ranged Weapons
  9658 | Lair:1   | Found a transporter.
  9667 | Lair:1   | Noticed Beischinu's ghost (journeyman MiFi)
  9683 | Lair:1   | Found a transporter.
 10318 | Lair:2   | Reached skill level 5 in Armour
 10328 | Lair:2   | Reached *** piety under Hepliaklqana
 10328 | Lair:2   | Noticed a death yak
 10328 | Lair:2   | Noticed a death yak
 10328 | Lair:2   | Noticed a death yak
 10329 | Lair:2   | Noticed a death yak
 10343 | Lair:1   | Killed a death yak
 10372 | Lair:1   | Killed a death yak
 10377 | Lair:1   | Killed a death yak
 10594 | Lair:2   | Reached skill level 5 in Invocations
 10797 | Lair:2   | Killed a death yak
 10868 | Lair:2   | Found a staircase to the Swamp.
 10873 | Lair:2   | Noticed a five-headed hydra
 10879 | Lair:2   | Reached skill level 18 in Ranged Weapons
 10879 | Lair:2   | Reached XP level 12. HP: 93/93 MP: 15/15
 10882 | Lair:2   | Killed a five-headed hydra
 11434 | Lair:2   | Reached skill level 1 in Axes
 11600 | Lair:3   | Reached skill level 1 in Evocations
 11629 | Lair:3   | Reached **** piety under Hepliaklqana
 11661 | Lair:3   | Noticed a six-headed hydra
 11666 | Lair:3   | Killed a six-headed hydra
 11726 | Lair:3   | Reached skill level 5 in Axes
 11773 | Lair:3   | Found a hole to the Spider Nest.
 12371 | Lair:4   | Found a staircase to the Slime Pits.
 12427 | Lair:4   | Reached skill level 5 in Dodging
 12637 | Lair:4   | Reached XP level 13. HP: 75/99 MP: 17/17
 13117 | Lair:5   | Entered Level 5 of the Lair of Beasts
 13155 | Lair:5   | Reached ***** piety under Hepliaklqana
 13684 | Lair:5   | Reached skill level 5 in Evocations
 13924 | Lair:5   | Noticed a dire elephant
 13943 | Lair:5   | Reached skill level 10 in Axes
 13952 | Lair:5   | Killed a dire elephant
 14158 | Lair:5   | Found the +7 captain's cutlass {speed, disarm}
 14169 | Lair:5   | HP: 4/100 [skyshark (8)]
 14169 | Lair:5   | Killed from afar by a wind drake

Illustrated notes

Levels and vault maps discovered:
D:1:      scummos_arrival_checkerplants, layout_basic, dreamdust_wishing_well
D:2:      minmay_wonky_spiral, layout_loops_ring
D:3:      layout_loops_cross, gammafunk_ghost_abyssal_escape, glass_columns_a
D:4:      layout_cave_pools, serial_forest, infiniplex_forest_lined_room_3,
          infiniplex_forest_clump_cross, infiniplex_forest_clump_tiny,
          infiniplex_forest_lined_3, infiniplex_forest_clump_medium,
          infiniplex_forest_clump_tiny, infiniplex_forest_lined_2,
          infiniplex_forest_lined_room_3, serial_shops, shop, shop
D:5:      layout_rooms, minmay_temple_entry_statues_fountains, st_stairs_12,
          serial_bayou_lagoon_a, uniq_menkaure
D:6:      nicolae_cairo_tiling_very_big, layout_cave_pools,
          grunt_temple_overflow_cloverleaf, serial_demonic, serial_demonic_c,
          serial_demonic_e, serial_demonic_c, serial_demonic_a
D:7:      layout_basic, grunt_temple_overflow_open, uniq_crazy_yiuf_cottage
D:8:      nzn_winding_woodlands_small [nzn_winding_woodlands_5x15_pool,
          nzn_winding_woodlands_center_diamonds,
          nzn_winding_woodlands_5x15_pathside_ponds], layout_loops_ring,
          mainiacjoe_overflow_24_doors, gammafunk_ghost_berserking_beasts,
          kennysheep_path_1, uniq_prince_ribbit1
D:9:      gammafunk_jiyva_shrine, layout_long_grid, erik_orc_1, minmay_between,
          uniq_psyche
D:10:     layout_basic, nemelex_altar_shiori, nicolae_ru_awakened_eye,
          nicolae_qazlal_eye_of_the_storm, lair_entry_dummy, serial_shops, shop
Temple:   nicolae_temple_bog_church
Lair:1:   layout_regular_city, gammafunk_ghost_arena
Lair:2:   layout_gridlike, minmay_swamp_entry_wisps,
          portal_ice_cave_demonic_guard
Lair:3:   layout_misc_corridors, spider_nest_entry_web_field
Lair:4:   layout_hall_layers, slime_entry_1, lemuel_old_faithful
Lair:5:   gammafunk_lair_ancient_temple, layout_hall_layers,
          nzn_sisyphean_effort

Skill      XL: |  1  2  3  4  5  6  7  8  9 10 11 12 13 |
---------------+----------------------------------------+-----
Fighting       | 3 4 5 6 8 9 |  9.7
Ranged Weapons | 5 6 7 8 9 11 14 16 18 | 18.0
Armour         | 3 6 7 |  7.0
Invocations    | 2 5 7 |  7.1
Axes           | 8 10 | 10.0
Evocations     | 4 5 |  5.0
Dodging        | 5 7 |  7.0
Stealth        | |  0.7

Action                     |  1- 3 |  4- 6 |  7- 9 | 10-12 | 13-15 || total
---------------------------+-------+-------+-------+-------+-------++-------
  Melee: Great mace        |       |    19 |    15 |     3 |       ||    37
         Headbutt          |       |     7 |       |    13 |     4 ||    24
         Hand axe          |       |     4 |       |       |       ||     4
         Whip              |       |       |       |     3 |       ||     3
         War axe           |       |       |       |    39 |    10 ||    49
   Fire: Shortbow          |   106 |   193 |    38 |       |       ||   337
         Arbalest          |       |       |   111 |   389 |    71 ||   571
 Invoke: Recall Ancestor   |       |       |       |     2 |       ||     2
         Ancestor Life: Kn |       |       |       |     1 |       ||     1
         Ancestor Identity |       |       |       |     1 |       ||     1
         Transference      |       |       |       |       |     1 ||     1
    Use: Scroll            |       |     9 |     9 |    12 |     1 ||    31
         Potion            |       |     1 |       |     1 |     2 ||     4
   Stab: Distracted        |       |       |       |       |     1 ||     1
 Armour: Leather armour    |    19 |    30 |    13 |       |       ||    62
         Ring mail         |       |       |    23 |   108 |    27 ||   158
  Dodge: Dodged            |    45 |    59 |    72 |   137 |    68 ||   381
  Block: Other             |       |       |    15 |    10 |       ||    25
